Map: Jagannatha LE

Players

GunGFuBanDa

  • Race: Protoss Protoss

Krystianer - Winner!

  • Race: Protoss Protoss

Event: DreamHack SC2 Masters 2021 Fall

VOD

Have the link to the VOD?

Description

Time

  • Played on: July 28, 2021, 12:34 p.m.
  • Length: 5:11

All games in this series

Show
View Real Time Build Order
Export as new Build Order

GunGFuBanDa Protoss 

Build Orders: Oracle Opening 

Get SALT Encoding   

  12  0:00  Probe  
  13  0:12  Probe  
  14  0:18  Pylon  
  14  0:24  Probe (Chrono Boost)  
  15  0:38  Gateway, Probe (Chrono Boost)  
  16  0:44  Probe (Chrono Boost)  
  16  0:47  Assimilator  
  17  0:52  Probe (Chrono Boost)  
  17  0:55  Assimilator  
  19  1:04  Probe (Chrono Boost)  
  19  1:08  Gateway  
  19  1:13  Probe (Chrono Boost)  
  20  1:18  Probe  
  20  1:25  Cybernetics Core  
  21  1:30  Probe  
  22  1:40  Pylon  
  22  1:43  Probe  
  23  2:01  Stargate  
  24  2:03  Adept  
  24  2:04  Adept  
  27  2:10  Probe, Warp Gate  
  28  2:17  Pylon  
  28  2:28  Probe  
  29  2:40  Stalker  
  31  2:44  Oracle (Chrono Boost)  
  33  3:03  Nexus  
  33  3:11  Pylon  
  31  3:29  Probe  
  31  3:30  Shield Battery  
  32  3:39  Shield Battery  
  32  3:41  Robotics Facility  
  32  3:57  Pylon  
  32  3:59  Stalker x2  
  30  4:26  Immortal (Chrono Boost)  
  33  4:34  Stalker  
  35  4:38  Probe  
  38  5:03  Zealot  
Show
View Real Time Build Order
Export as new Build Order

Krystianer Protoss - Winner!

Build Orders: Blink Stalkers 

Get SALT Encoding   

  12  0:00  Probe  
  13  0:12  Probe  
  14  0:17  Pylon  
  14  0:24  Probe (Chrono Boost)  
  16  0:36  Gateway, Probe (Chrono Boost)  
  16  0:42  Probe (Chrono Boost)  
  16  0:46  Assimilator  
  17  0:50  Probe  
  17  0:54  Assimilator  
  18  1:02  Probe (Chrono Boost)  
  19  1:08  Gateway  
  20  1:12  Probe (Chrono Boost)  
  20  1:17  Probe (Chrono Boost)  
  20  1:23  Cybernetics Core  
  21  1:29  Probe  
  22  1:35  Pylon  
  22  1:41  Probe  
  23  1:53  Probe  
  24  2:00  Warp Gate  
  28  2:03  Stalker x2  
  28  2:12  Pylon  
  28  2:20  Twilight Council  
  28  2:28  Probe  
  29  2:33  Stalker  
  29  2:35  Stalker  
  32  2:58  Shield Battery  
  32  2:59  Blink (Chrono Boost)  
  32  3:03  Shield Battery  
  32  3:11  Stalker  
  34  3:22  Stalker  
  34  3:24  Gateway  
  36  3:35  Pylon  
  35  3:41  Pylon  
  35  3:45  Probe  
  35  4:17  Stalker  
  35  4:18  Stalker  
  35  4:22  Stalker  
  35  4:24  Gateway  
  41  4:40  Stalker  
  41  4:41  Stalker  
  45  4:47  Stalker  

Tags
 
Add a new tag
Caveats
  • Supply blocks, unpowered buildings, or Contaminate may cause inaccurate times.
  • Supply counts are checked every 10 seconds.